 Dungeon Crawl Stone Soup version 0.21-a0-278-ga722497 (webtiles) character file.

24808 Lavandula the Slicer (level 13, -1/99 HPs)
             Began as a Ghoul Warper on Sept 21, 2017.
             Was a High Priest of Hepliaklqana.
             Slain by an orc knight
             ... wielding a +0 battleaxe
              (30 damage)
             ... on level 1 of the Orcish Mines.
             The game lasted 01:00:13 (8798 turns).

Lavandula the Slicer (Ghoul Warper)                 Turns: 8798, Time: 01:00:14

Health: -1/99      AC: 10    Str: 20    XL:     13   Next: 15%
Magic:  2/16       EV: 15    Int: 10    God:    Hepliaklqana [*****.]
Gold:   770        SH:  4    Dex:  9    Spells: 2/15 levels left

rFire    . . .     SeeInvis .   D - +11 rapier "Quixulat" {flame, rPois Str+3}
rCold    + . .     Gourm    .   L - +0 buckler
rNeg     + + +     Faith    .   g - +2 robe {Archmagi}
rPois    ∞         Spirit   .   (no helmet)
rElec    .         Reflect  .   e - +0 cloak
rCorr    +         Harm     .   (no gloves)
MR       .....                  J - +0 pair of boots
Stlth    ++........             m - amulet of magic regeneration
HPRegen  0.00/turn              R - +4 ring of protection
MPRegen  0.40/turn              Q - ring of resist corrosion

@: very slightly contaminated, rotting
A: rotting body, reduced essence, claws 1, carnivore 3, cold resistance 1,
negative energy resistance 3, inhibited regeneration, torment resistance,
unbreathing
a: Recall Ancestor, Ancestor Identity, Transference, Idealise, Renounce Religion


You were on level 1 of the Orcish Mines.
You worshipped Hepliaklqana.
Hepliaklqana was extremely pleased with you.
You were not hungry.

You visited 2 branches of the dungeon, and saw 15 of its levels.

You collected 1420 gold pieces.
You spent 650 gold pieces at shops.

Inventory:

Hand Weapons
 D - the +11 rapier "Quixulat" (weapon) {flame, rPois Str+3}
   (You found it on level 4 of the Dungeon)

   It has been specially enchanted to burn those struck by it, causing extra
   injury to most foes and up to half again as much damage against particularly
   susceptible opponents.
   It affects your strength (+3).
   It protects you from poison.
Missiles
 d - 5 tomahawks of dispersal (quivered)
 A - a throwing net
Armour
 e - a +0 cloak (worn)
 g - a +2 robe of the Archmagi (worn)
 j - a +2 chain mail of fire resistance
 J - a +0 pair of boots (worn)
 L - a +0 buckler (worn)
 S - a +1 shield of protection
Jewellery
 h - an uncursed ring of flight
 m - an amulet of magic regeneration (around neck)
 x - an uncursed ring of ice
 Q - a ring of resist corrosion (right claw)
 R - a +4 ring of protection (left claw)
Wands
 y - a wand of iceblast (10/15)
 C - a wand of iceblast (9/15)
 E - a wand of random effects (13/48)
 K - a wand of enslavement (16/24)
 N - a wand of digging (16/24)
 U - a wand of digging (17/24)
 W - a wand of confusion (1/48)
 X - a wand of random effects (15/48)
 Z - a wand of flame (17/48)
Scrolls
 c - 2 scrolls of blinking
 k - 2 scrolls of teleportation
 l - a scroll of magic mapping {unknown}
 o - 3 scrolls of remove curse
 p - 3 scrolls of recharging
 v - a scroll of enchant weapon {unknown}
 w - 2 scrolls of fog
 G - 2 scrolls of amnesia {unknown}
 H - a scroll of summoning
 I - a scroll of immolation {unknown}
 O - a scroll of holy word {unknown}
 T - a scroll of enchant armour {unknown}
Potions
 a - a potion of haste {unknown}
 i - 4 potions of agility
 n - a potion of curing {unknown}
 r - 2 potions of heal wounds
 s - 2 potions of flight {unknown}
 t - a potion of might {unknown}
 u - 2 potions of brilliance {unknown}
 B - a potion of magic
 P - a potion of mutation {unknown}
 V - a potion of cancellation {unknown}
Books
 b - a book of Spatial Translocations

   Spells                             Type                      Level
   a - Blink                          Translocation                2
   b - Shroud of Golubria             Charms/Translocation         2
   c - Lesser Beckoning               Translocation                3
   d - Gell's Gravitas                Translocation                3
   e - Teleport Other                 Translocation                3
   f - Passage of Golubria            Translocation                4
 M - a book of Cantrips

   Spells                             Type                      Level
   a - Confusing Touch                Hexes                        1
   b - Animate Skeleton               Necromancy                   1
   c - Summon Small Mammal            Summoning                    1
   d - Apportation                    Translocation                1
Miscellaneous
 Y - a lightning rod (3/4)
Comestibles
 f - 2 meat rations
 q - 3 chunks of flesh
 z - 8 royal jellies


   Skills:
 - Level 9.3 Fighting
 + Level 12.3 Short Blades
 - Level 0.8 Throwing
 - Level 0.8 Armour
 - Level 7.0 Dodging
 - Level 4.8 Stealth
 - Level 5.0 Shields
 - Level 8.1 Unarmed Combat
 - Level 1.7 Spellcasting
 - Level 2.4 Charms
 - Level 2.6 Necromancy
 - Level 5.0 Translocations
 - Level 6.4 Invocations


You had 2 spell levels left.
You knew the following spells:

 Your Spells              Type           Power        Failure   Level  Hunger
a - Blink                 Tloc           N/A          6%          2    ###....
b - Shroud of Golubria    Chrm/Tloc      ##........   11%         2    ###....
c - Passage of Golubria   Tloc           N/A          36%         4    #####..
d - Apportation           Tloc           ###...       4%          1    ##.....
e - Animate Skeleton      Necr           N/A          11%         1    ##.....
f - Teleport Other        Tloc           ###.....     12%         3    ####...


Dungeon Overview and Level Annotations

Branches:
Dungeon (13/15)            Temple (0/1) D:7            Lair (0/6) D:8
    Orc (2/2) D:10
    Elf: Orc:2       Vaults: D:13-14

Altars:
Cheibriados
Gozag
Hepliaklqana
Nemelex Xobeh
Okawaru
Qazlal
Sif Muna
Yredelemnul

Shops:
D:10 :   D:12 (

Annotations:
D:9 Erolcha


Innate Abilities, Weirdness & Mutations

Your body is rotting away.
You thrive on raw meat.
You are immune to poison.
You have sharp fingernails.
You are carnivorous and can eat meat at any time.
Your flesh is cold resistant. (rC+)
You are immune to negative energy. (rN+++)
You do not regenerate when monsters are visible.
You are immune to unholy pain and torment.
You can survive without breathing.
Your life essence is reduced to manifest your ancestor. (-10% HP)


Message History

Aiming: Confuse
Press: ? - help, Shift-Dir - straight line, f/p - orc knight
Aim: an orc knight, wielding a battleaxe and wearing a chain mail (fast, chance to defeat MR: 28%)
The orc knight easily resists.
This wand has 2 charges left.
The orc knight hits you with a battleaxe!
Evoke which item? (* to show all) (? for menu, Esc to quit)
Aiming: Confuse
Press: ? - help, Shift-Dir - straight line, f/p - orc knight
Aim: an orc knight, wielding a battleaxe and wearing a chain mail (fast, chance to defeat MR: 28%)
The orc knight easily resists.
This wand has 1 charge left.
The orc knight hits you with a battleaxe!!
* * * LOW HITPOINT WARNING * * *
Fire/throw which item? (* to show all) (? for menu, Esc to quit)
Press: ? - help, Shift-Dir - straight line, f/p - orc knight
Aim: an orc knight, wielding a battleaxe and wearing a chain mail (fast)
You throw a throwing net.
The throwing net barely misses the orc knight.
You block the orc knight's attack.
The orc knight hits you with a battleaxe!!
You die...

[.([.[.)...........#####.##
.[)#.<[...........## ###
...[#.[............#######
....................##.#.##
.......[............#.....#
..........#.....#......#..##
..........#................#
...#.......#..............##
...#......#(...o@....#...###
#.##.......................##
...#........................#
#..##.#...........)[[...##.##
#...####........##)>[....###
##.## #............[#...## ##
#.............#...###
##..#.........##....##
#.............#.....#


You could see an orc knight.

Vanquished Creatures
  An orc warlord (Orc:1)
  The ghost of Promi the Thaumaturge, a journeyman SpVM of Sif Muna (Orc:1)
  2 two-headed ogres
  A tengu warrior (D:13)
  An orc high priest (Orc:1)
  Sonja (D:11)
  Nergalle (Orc:2)
  An unseen horror (D:12)
  An orc knight (Orc:2)
  Pikel (D:5)
  A cyclops (D:12)
  An ugly thing (D:11)
  Maurice (Orc:1)
  Joseph (D:7)
  A gargoyle (D:12)
  2 centaur skeletons (D:10)
  6 kobold demonologists
  7 trolls
  A hornet (D:10)
  2 hippogriffs
  4 wraiths (D:11)
  A vampire mosquito (D:12)
  A wyvern (D:10)
  3 yaks (D:10)
  A warg (Orc:1)
  3 slaves (D:5)
  20 orc warriors
  3 sky beasts
  8 ogres
  2 phantoms
  8 centaurs
  3 big kobolds
  5 bullfrogs
  3 gnoll sergeants (D:10)
  2 scorpions
  10 killer bees
  5 wights (D:11)
  9 howler monkeys
  2 crimson imps
  A bullfrog zombie (D:12)
  11 orc priests
  8 hounds
  2 bullfrog skeletons (D:10)
  An iguana (D:8)
  17 orc wizards
  2 worker ants
  2 hexers
  A worker ant zombie (D:11)
  10 gnolls
  2 howler monkey skeletons
  11 adders
  An adder zombie (D:6)
  3 leopard geckos
  68 orcs
  A ball python (D:3)
  12 giant cockroaches
  4 goblins
  2 hobgoblins
  4 jackals
  5 quokkas
  4 bats
  3 frilled lizards
  11 kobolds
  A quokka skeleton (D:6)
  4 rats
318 creatures vanquished.

Vanquished Creatures (collateral kills)
  A two-headed ogre (D:10)
  2 orc sorcerers (Orc:1)
  A manticore (D:12)
  A troll (D:9)
  A hippogriff (D:6)
  A wraith (D:11)
  3 yaks (D:10)
  A wyvern (D:11)
  5 orc warriors
  A sky beast (D:5)
  3 ogres
  A killer bee (D:11)
  A bullfrog zombie (D:6)
  A jelly (D:6)
  A gnoll shaman (D:10)
  3 orc priests
  4 orc wizards
  A hound skeleton (D:4)
  A dart slug (D:3)
  15 orcs
  2 giant cockroaches
  A jackal (D:6)
  A quokka (D:8)
  A bat (D:3)
53 creatures vanquished.

Vanquished Creatures (others)
  An orc sorcerer (Orc:1)
  An orc wizard (Orc:2)
  12 hexers
  3 ancestors
  An orc (Orc:1)
18 creatures vanquished.

Grand Total: 389 creatures vanquished

Notes
Turn   | Place    | Note
-------+----------+-------------------------------------------
     0 | D:1      | Lavandula the Ghoul Warper began the quest for the Orb.
     0 | D:1      | Reached XP level 1. HP: 17/17 MP: 2/2
   207 | D:2      | Reached XP level 2. HP: 23/24 MP: 3/3
   298 | D:3      | You fall through a shaft!
   356 | D:4      | Reached XP level 3. HP: 21/29 MP: 4/4
   383 | D:4      | Reached XP level 4. HP: 30/36 MP: 5/5
   413 | D:4      | Reached skill level 5 in Unarmed Combat
   510 | D:3      | Reached XP level 5. HP: 23/41 MP: 6/6
   543 | D:3      | Learned a level 2 spell: Blink
   546 | D:3      | Learned a level 2 spell: Shroud of Golubria
   556 | D:2      | Found a deep blue altar of Sif Muna.
   733 | D:3      | Found a hazy altar of Hepliaklqana.
   749 | D:3      | Became a worshipper of Hepliaklqana the Forgotten
   802 | D:3      | Reached XP level 6. HP: 35/43 MP: 7/7
  1173 | D:4      | Reached XP level 7. HP: 36/49 MP: 6/8
  1207 | D:4      | Got a dazzling rapier
  1209 | D:4      | Identified the +11 rapier "Quixulat" {flame, rPois Str+3} (You found it on level 4 of the Dungeon)
  1289 | D:4      | Reached skill level 1 in Short Blades
  1349 | D:5      | Entered Level 5 of the Dungeon
  1429 | D:5      | Reached skill level 2 in Short Blades
  1506 | D:5      | Found a basalt altar of Yredelemnul.
  1507 | D:5      | Found a sparkling altar of Nemelex Xobeh.
  1508 | D:5      | Found a stormy altar of Qazlal.
  1509 | D:5      | Found a snail-covered altar of Cheibriados.
  1509 | D:5      | Found an iron altar of Okawaru.
  1586 | D:5      | Noticed Pikel
  1619 | D:5      | Reached skill level 3 in Short Blades
  1627 | D:5      | Killed Pikel
  1627 | D:5      | Reached skill level 5 in Short Blades
  1627 | D:5      | Reached XP level 8. HP: 25/54 MP: 9/9
  1694 | D:5      | Reached * piety under Hepliaklqana
  1807 | D:6      | Reached skill level 6 in Short Blades
  2002 | D:6      | Noticed a hippogriff
  2008 | D:6      | Killed a hippogriff
  2008 | D:6      | Reached skill level 7 in Short Blades
  2213 | D:7      | Noticed Joseph
  2224 | D:7      | Killed Joseph
  2224 | D:7      | Reached skill level 8 in Short Blades
  2224 | D:7      | Reached XP level 9. HP: 60/60 MP: 10/10
  2445 | D:7      | Reached skill level 1 in Shields
  2461 | D:7      | Found a staircase to the Ecumenical Temple.
  2586 | D:8      | Noticed a death yak
  2586 | D:8      | Noticed a death yak
  2611 | D:7      | HP: 3/60 [death yak (19)]
  2732 | D:8      | Noticed a death yak
  2734 | D:8      | Noticed a death yak
  2843 | D:8      | Learned a level 4 spell: Passage of Golubria
  2936 | D:8      | Reached ** piety under Hepliaklqana
  2937 | D:8      | Remembered your ancestor Illuratum as a hexer
  3035 | D:9      | Noticed a troll
  3044 | D:9      | Killed a troll
  3052 | D:9      | Reached skill level 5 in Shields
  3063 | D:9      | Noticed a two-headed ogre
  3522 | D:9      | Reached XP level 10. HP: 70/70 MP: 11/11
  3540 | D:9      | Noticed a five-headed hydra
  3694 | D:9      | Killed a two-headed ogre
  3762 | D:9      | Noticed Erolcha
  3889 | D:8      | Found a staircase to the Lair.
  4105 | D:10     | Entered Level 10 of the Dungeon
  4114 | D:10     | Found an opulent altar of Gozag.
  4115 | D:10     | Reached *** piety under Hepliaklqana
  4129 | D:10     | Reached skill level 9 in Short Blades
  4134 | D:10     | Noticed a two-headed ogre
  4145 | D:10     | Killed a two-headed ogre
  4145 | D:10     | Reached skill level 10 in Short Blades
  4179 | D:10     | Found a staircase to the Orcish Mines.
  4227 | D:11     | Noticed a cyan ugly thing
  4407 | D:11     | Killed a cyan ugly thing
  4475 | D:11     | Reached XP level 11. HP: 47/75 MP: 12/12
  4521 | D:11     | Reached skill level 11 in Short Blades
  4581 | D:11     | Noticed Sonja
  4810 | D:10     | Found Bocaumpo's Book Boutique.
  4826 | D:10     | Bought a book of Cantrips for 260 gold pieces
  4826 | D:10     | Bought a book of Callings for 390 gold pieces
  4828 | D:10     | Learned a level 1 spell: Apportation
  4830 | D:10     | Learned a level 1 spell: Animate Skeleton
  5147 | D:11     | Reached skill level 5 in Dodging
  5280 | D:11     | Killed Sonja
  5399 | D:11     | Found the +5 scythe "Finisher" {speed, Str+3}
  5520 | D:12     | Found Sihoasag's Weapon Shoppe.
  5535 | D:12     | Noticed a cyclops
  5544 | D:12     | Killed a cyclops
  5587 | D:12     | Reached **** piety under Hepliaklqana
  5659 | D:12     | Reached skill level 1 in Invocations
  5813 | D:12     | Noticed a manticore
  5826 | D:12     | Killed a manticore
  5882 | D:12     | Reached XP level 12. HP: 57/81 MP: 12/14
  6000 | D:13     | Noticed a soul eater
  6004 | D:13     | Reached skill level 5 in Invocations
  6072 | D:13     | Noticed a two-headed ogre
  6086 | D:12     | Killed a two-headed ogre
  6250 | D:13     | Noticed a tengu warrior
  6273 | D:12     | Reached skill level 5 in Fighting
  6300 | D:13     | Killed a tengu warrior
  6849 | Orc:1    | Entered Level 1 of the Orcish Mines
  6851 | Orc:1    | Noticed Promi's ghost (journeyman SpVM)
  7091 | Orc:1    | Killed Promi's ghost
  7337 | Orc:1    | Noticed an orc warlord
  7364 | Orc:1    | Killed an orc warlord
  7604 | Orc:1    | Noticed Maurice
  7617 | Orc:1    | Killed Maurice
  7653 | Orc:1    | Reached ***** piety under Hepliaklqana
  7690 | Orc:2    | Entered Level 2 of the Orcish Mines
  7915 | Orc:2    | Noticed an orc high priest
  8124 | Orc:1    | Killed an orc high priest
  8124 | Orc:1    | Reached skill level 1 in Charms
  8171 | Orc:1    | Reached XP level 13. HP: 95/99 MP: 12/16
  8207 | Orc:2    | Noticed Nergalle
  8254 | Orc:1    | Reached skill level 5 in Translocations
  8296 | Orc:1    | Reached skill level 12 in Short Blades
  8709 | Orc:2    | Noticed an orc warlord
  8750 | Orc:1    | Learned a level 3 spell: Teleport Other
  8783 | Orc:2    | Killed Nergalle
  8798 | Orc:1    | Slain by an orc knight

Vault maps used:
D:1:      elethiomel_arrival_infinity_welcomes_careful_drivers
D:2:      lemuel_doored_altar, chequers_ecumenical_altar_simple, uniq_natasha
D:3:      minmay_roachtagon, overflow_temple_1_default, first_bread,
          minmay_item_behind_shaft
D:4:      hangedman_decor_growths, minmay_misc_feat_chi
D:5:      grunt_temple_overflow_open, uniq_pikel, uniq_prince_ribbit1
D:7:      minmay_temple_entry_large_hall, uniq_joseph
D:8:      dpeg_lair_monsters
D:9:      uniq_erolcha
D:10:     kennysheep_orc_monster_closet_entryway, serial_shops,
          nicolae_shop_trees, grunt_gozag_statues
D:11:     minmay_guarded_unrand_finisher, uniq_sonja
D:12:     serial_shops, shop_statue
D:13:     grunt_vaults_entry_tiered, enter_trove_5
Orc:1:    abandoned_shop, trog_hazing_becter, uniq_maurice
Orc:2:    grunt_orc_cross

Skill      XL: |  1  2  3  4  5  6  7  8  9 10 11 12 13 |
---------------+----------------------------------------+-----
Unarmed Combat | 3 4 5 6 8 |  8.1
Short Blades   | 5 8 10 11 12 | 12.3
Dodging        | 3 7 |  7.0
Shields        | 5 |  5.0
Fighting       | 3 4 9 |  9.3
Stealth        | 4 |  4.8
Invocations    | 4 6 |  6.4
Necromancy     | 2 |  2.6
Translocations | 4 5 |  5.0
Charms         | 1 2 |  2.4
Throwing       | |  0.8
Armour         | |  0.8
Spellcasting   | |  1.7

Action                   |  1- 3 |  4- 6 |  7- 9 | 10-12 | 13-15 || total
-------------------------+-------+-------+-------+-------+-------++-------
Melee: Unarmed           |    47 |   146 |     2 |       |       ||   195
       Punch             |     2 |     2 |     5 |       |       ||     9
       Rapier            |       |       |   198 |   585 |   105 ||   888
Throw: Tomahawk          |       |       |       |     1 |       ||     1
       Throwing net      |       |       |       |       |     1 ||     1
 Cast: Shroud of Golubri |       |     6 |    17 |    47 |    12 ||    82
       Blink             |       |       |       |    10 |     3 ||    13
       Animate Skeleton  |       |       |       |    11 |     7 ||    18
       Apportation       |       |       |       |     1 |       ||     1
Invok: Recall Ancestor   |       |     1 |     1 |     6 |     2 ||    10
       Ancestor Life: He |       |       |     1 |       |       ||     1
Evoke: Wand              |       |       |       |     6 |     5 ||    11
       Lightning rod     |       |       |       |     1 |       ||     1
  Use: Scroll            |       |       |     3 |    12 |       ||    15
       Potion            |       |       |       |     2 |       ||     2
 Stab: Distracted        |       |     1 |     1 |     3 |       ||     5
       Sleeping          |       |       |       |     6 |       ||     6
       Confused          |       |       |       |     4 |     1 ||     5
  Eat: Chunk             |     8 |    21 |    51 |    91 |    22 ||   193
Armor: Leather armour    |    10 |    11 |       |       |       ||    21
       Plate armour      |     7 |       |       |       |       ||     7
       Ring mail         |       |    17 |    19 |       |       ||    36
       Robe              |       |       |    24 |   164 |    13 ||   201
       Chain mail        |       |       |       |       |     3 ||     3
Dodge: Dodged            |    23 |    78 |    79 |   322 |    59 ||   561
Block: Buckler           |       |       |     1 |   116 |    20 ||   137

Table legend:
 A = Spawn XP
 B = Non-spawn XP
 C = Spawn XP percentage of total XP
 D = Spawn monster count
 E = Non-spawn monster count
 F = Spawn count percentage of total count
 G = Total turns spent on level
                    A         B        C        D         E        F      G
               +---------+---------+-------+---------+---------+-------+---------
         Total |       0 |   35441 |   0.0 |       0 |     367 |   0.0 |  8798
               +---------+---------+-------+---------+---------+-------+---------
           D:1 |       0 |       7 |   0.0 |       0 |       6 |   0.0 |   201
           D:2 |       0 |      19 |   0.0 |       0 |       5 |   0.0 |    61
           D:3 |       0 |     287 |   0.0 |       0 |      47 |   0.0 |   525
           D:4 |       0 |     403 |   0.0 |       0 |      19 |   0.0 |   562
           D:5 |       0 |     858 |   0.0 |       0 |      11 |   0.0 |   439
           D:6 |       0 |     500 |   0.0 |       0 |      10 |   0.0 |   401
           D:7 |       0 |    1710 |   0.0 |       0 |      31 |   0.0 |   651
           D:8 |       0 |     626 |   0.0 |       0 |      15 |   0.0 |   525
           D:9 |       0 |    1765 |   0.0 |       0 |      15 |   0.0 |   740
          D:10 |       0 |    6124 |   0.0 |       0 |      58 |   0.0 |   939
          D:11 |       0 |    5392 |   0.0 |       0 |      39 |   0.0 |  1253
          D:12 |       0 |    5562 |   0.0 |       0 |      22 |   0.0 |   881
          D:13 |       0 |    1263 |   0.0 |       0 |       4 |   0.0 |    90
         Orc:1 |       0 |    7395 |   0.0 |       0 |      37 |   0.0 |  1138
         Orc:2 |       0 |    3530 |   0.0 |       0 |      48 |   0.0 |   392
               +---------+---------+-------+---------+---------+-------+---------
